Map: Hard Lead LE

Players

QuantumNoobs - Winner!

  • Race: Zerg Zerg
  • Spawn Location: 5:00

KingDinosaur

  • Race: Protoss Protoss
  • League: Diamond
  • Spawn Location: 11:00

VOD

Have the link to the VOD?

Description

Time

  • Played on: Feb. 25, 2024, 8:55 p.m.
  • Length: 10:28
Show
View Real Time Build Order
Export as new Build Order

QuantumNoobs Zerg - Winner!

Build Orders: Hatch First 

Get SALT Encoding   

  12  0:00  Drone  
  13  0:13  Overlord  
  13  0:16  Drone  
  14  0:31  Drone x2  
  16  0:38  Drone  
  17  1:00  Drone x2, Hatchery  
  18  1:14  Extractor  
  18  1:15  Spawning Pool  
  18  1:17  Drone  
  17  1:20  Drone  
  18  1:28  Drone  
  19  1:48  Drone  
  19  1:52  Hatchery  
  19  2:02  Zergling x2  
  19  2:03  Queen  
  22  2:12  Queen  
  22  2:15  Drone  
  25  2:21  Metabolic Boost  
  25  2:27  Zergling x2  
  25  2:29  Zergling x2  
  27  2:32  Drone  
  28  2:37  Overlord  
  28  2:48  Overlord  
  27  3:01  Drone  
  27  3:02  Drone x4  
  32  3:13  Queen x2  
  36  3:20  Queen  
  36  3:21  Drone  
  36  3:23  Drone  
  36  3:26  Drone  
  41  3:28  Drone  
  41  3:31  Drone  
  41  3:33  Zergling x2  
  44  3:34  Zergling x2  
  45  3:41  Drone  
  45  3:42  Drone x2  
  45  3:44  Spore Crawler  
  45  3:47  Spore Crawler  
  45  3:49  Drone  
  45  4:02  Zergling x2  
  45  4:04  Drone x4  
  45  4:06  Overlord  
  49  4:17  Baneling Nest  
  48  4:18  Extractor, Drone  
  48  4:19  Drone  
  48  4:22  Overlord  
  49  4:31  Overlord x2  
  49  4:35  Drone x3  
  52  4:40  Drone x3  
  54  4:47  Zergling x8  
  58  4:54  Lair  
  59  5:00  Drone x2  
  59  5:03  Zergling x4  
  59  5:05  Zergling x2  
  63  5:13  Spore Crawler  
  62  5:14  Extractor  
  62  5:19  Queen x2  
  65  5:24  Drone x4  
  65  5:25  Zergling x2  
  70  5:28  Baneling  
  70  5:29  Baneling x4  
  70  5:30  Baneling x2  
  70  5:33  Overlord  
  70  5:35  Drone  
  71  5:42  Zergling x6  
  69  5:59  Zergling x4  
  69  6:00  Zergling x16  
  75  6:07  Zergling x4  
  75  6:08  Zergling x4  
  77  6:13  Drone  
  77  6:14  Drone  
  79  6:27  Hatchery  
  79  6:29  Hydralisk Den  
  79  6:31  Overlord x4, Spire  
  76  6:33  Baneling x4  
  64  7:01  Zergling x20  
  64  7:02  Zergling x4  
  65  7:12  Zergling x16  
  62  7:19  Spine Crawler  
  61  7:25  Hydralisk x3  
  61  7:26  Hydralisk  
  61  7:28  Drone  
  61  7:29  Drone x2  
  72  7:32  Drone x2  
  72  7:33  Drone  
  74  7:41  Baneling x4  
  74  7:44  Drone  
  74  7:45  Drone x4  
  74  7:49  Extractor x2  
  77  7:55  Drone x3  
  80  7:58  Baneling  
  80  7:59  Baneling x2  
  80  8:00  Baneling  
  80  8:15  Baneling x4  
  80  8:16  Baneling  
  79  8:28  Overlord x3  
  79  8:29  Overlord  
  79  8:37  Drone  
  74  8:42  Zergling x6  
  74  8:43  Zergling x12  
  74  8:46  Hydralisk x2  
  80  8:49  Zergling x4  
  80  8:53  Drone x3  
  82  8:58  Zergling x4  
  82  8:59  Zergling x2  
  85  9:07  Baneling x4  
  81  9:11  Baneling x9  
  81  9:12  Baneling  
  81  9:17  Zergling x6  
  81  9:18  Drone  
  81  9:20  Drone  
  81  9:21  Drone  
  81  9:23  Drone  
  86  9:42  Evolution Chamber  
  86  9:44  Drone x4  
  86  9:45  Drone x5, Evolution Chamber  
  92  9:49  Baneling x5  
  92  9:50  Zergling x2  
  88  10:07  Zergling x2  
  88  10:08  Zergling x20  
Show
View Real Time Build Order
Export as new Build Order

KingDinosaur Protoss 

Build Orders: 1 Gate Expand, Oracle Opening 

Get SALT Encoding   

  12  0:00  Probe  
  13  0:12  Probe  
  14  0:20  Pylon  
  14  0:24  Probe  
  15  0:38  Probe (Chrono Boost)  
  15  0:41  Gateway  
  16  0:48  Probe (Chrono Boost)  
  17  0:51  Assimilator  
  17  0:53  Probe (Chrono Boost)  
  18  1:04  Probe  
  19  1:17  Probe  
  20  1:30  Nexus  
  20  1:41  Cybernetics Core  
  20  1:48  Pylon  
  20  1:50  Probe  
  21  1:56  Assimilator  
  21  2:03  Probe (Chrono Boost)  
  22  2:14  Probe (Chrono Boost)  
  23  2:18  Probe (Chrono Boost)  
  23  2:20  Stargate  
  24  2:23  Adept  
  26  2:32  Warp Gate  
  26  2:34  Probe  
  27  2:43  Probe  
  28  2:46  Probe  
  29  2:55  Probe  
  29  3:01  Oracle (Chrono Boost)  
  32  3:07  Probe x2  
  32  3:10  Zealot  
  36  3:19  Probe x2  
  38  3:23  Pylon  
  38  3:29  Gateway  
  38  3:31  Probe x2  
  40  3:43  Probe x2  
  42  3:55  Probe x2  
  44  3:56  Gateway  
  44  4:07  Probe x2  
  44  4:11  Twilight Council  
  44  4:14  Pylon  
  44  4:17  Pylon  
  44  4:19  Probe x2  
  44  4:20  Assimilator  
  46  4:25  Assimilator  
  46  4:28  Zealot x2  
  50  4:34  Phoenix (Chrono Boost)  
  50  4:55  Charge (Chrono Boost)  
  50  4:56  Shield Battery  
  50  5:06  Robotics Facility  
  50  5:08  Gateway  
  50  5:09  Gateway  
  50  5:11  Gateway  
  50  5:14  Gateway  
  50  5:20  Zealot x2  
  54  5:23  Nexus  
  54  5:25  Pylon  
  54  5:33  Phoenix (Chrono Boost)  
  56  5:43  Probe x2  
  58  5:55  Probe x2  
  58  5:56  Zealot x3  
  62  6:07  Probe x2  
  63  6:24  Shield Battery  
  63  6:25  Zealot x2  
  63  6:26  Zealot x5  
  49  7:03  Probe x2 (Chrono Boost)  
  49  7:04  Probe (Chrono Boost)  
  47  7:12  Probe (Chrono Boost)  
  47  7:13  Probe x2 (Chrono Boost)  
  46  7:18  Probe x2 (Chrono Boost)  
  46  7:19  Probe (Chrono Boost)  
  49  7:29  Probe (Chrono Boost)  
  52  7:30  Probe x2 (Chrono Boost)  
  52  7:34  Probe x3 (Chrono Boost)  
  55  7:44  Probe  
  56  7:52  Oracle  
  56  7:56  Observer  
  60  8:00  Templar Archives, Probe x2 (Chrono Boost)  
  60  8:01  Probe (Chrono Boost)  
  63  8:10  Probe x3 (Chrono Boost)  
  66  8:15  Probe x3 (Chrono Boost)  
  69  8:26  Probe x3  
  72  8:29  Stalker x2  
  72  8:30  Stalker x3  
  72  8:31  Stalker x2  
  54  8:52  Zealot  
  54  8:53  Zealot x3  
  54  8:54  Zealot x3  
  58  9:20  Probe (Chrono Boost)  
  58  9:21  Probe (Chrono Boost)  
  58  9:22  Zealot x2  
  58  9:23  Zealot x5  
  75  9:26  Probe (Chrono Boost)  
  75  9:30  Probe x2 (Chrono Boost)  
  77  9:33  Probe (Chrono Boost)  
  77  9:35  Observer, Probe x2 (Chrono Boost)  
  81  9:39  Pylon  
  81  9:42  Pylon  
  81  9:44  Gateway, Probe  
  82  9:45  High Templar  
  82  9:46  Gateway  
  82  9:48  Gateway  
  84  9:56  Probe  
  65  10:08  High Templar  
  65  10:09  Zealot  
  65  10:10  Zealot x4  
Tags
 
Add a new tag
Caveats
  • Supply blocks, unpowered buildings, or Contaminate may cause inaccurate times.
  • Supply counts are checked every 10 seconds.